AoeStats
← gob b

Arena

504629925Analyzed
2v2 RM · 26d ago on Sep 6, 2026· 33m 24s· 4 players
Game mode
Random Map
Map size
Medium (4 player)
Population
200
Speed
Normal
Resources
Standard
Victory
Conquest
Starting age
Dark Age
Ending age
Imperial Age
RankedLock teamsTeams togetherTeam positionsShared explorationLock speedFull tech treeHidden civsTurbo modeCheats
Victory
Defeat
1277
+11
🇮🇳 Khitans · India
1157
+16
🇵🇪 Franks · Peru
1183
-14
🇵🇪 Italians · Peru
1138
-13
gob b
11:26 Feudal Age
11:32 Feudal Age
15:29 Castle Age
14:08 Forging
14:19 Double-Bit Axe
14:15 Domestication
15:12 Gold Mining
21:44 Scale Mail Armor
23:14 Chain Mail Armor
25:53 Iron Casting
34:55 Imperial Age
33:02 Wheelbarrow
33:49 Bow Saw
[T41] Indian War Lord
6:55 Double-Bit Axe
7:57 Horse Collar
11:07 Wheelbarrow
10:29 Gold Mining
13:19 Feudal Age
14:14 Bow Saw
14:08 Heavy Plow
18:39 Castle Age
17:09 Forging
17:52 Scale Barding Armor
18:50 Cavalier
20:08 Iron Casting
22:44 Chain Barding Armor
22:33 Husbandry
22:51 Loom
23:24 Hand Cart
29:17 Gold Shaft Mining
Inkarri
0:32 Loom
10:14 Feudal Age
12:01 Wheelbarrow
11:14 Double-Bit Axe
11:11 Horse Collar
18:11 Castle Age
19:21 Bow Saw
20:41 Hand Cart
23:59 Stone Mining
24:02 Gold Mining
26:15 Thumb Ring
26:49 Padded Archer Armor
26:40 Fletching
28:02 Bodkin Arrow
29:40 Fortified Wall
32:56 Imperial Age
31:54 Murder Holes
Artorias
10:33 Feudal Age
14:13 Castle Age
15:38 Wheelbarrow
19:14 Loom
29:25 Imperial Age
27:22 Squires
27:11 Pikeman
28:13 Squires
31:38 Forging
31:28 Scale Mail Armor
31:49 Double-Bit Axe
33:06 Iron Casting
Connection lost

Rejoining the realm…

Still unreachable

The connection could not be restored.

Session expired

The server has moved on; the page needs a fresh start.